Hito, lawful male human Samurai ----- ------- |...| #####################-.....| q..=| |....<| |@...## |.....| ----- # ------- #......| ###|....<-###############------- #-.....| |.....| |.....| ------- Hito the Ninja Experience level: 6 Strength: 18/02 Dexterity: 14 Constitution: 18 Intelligence: 9 Wisdom: 8 Charisma: 7 Health: 0(59) Energy: 21(21) Def: 6 Gold: 140 Moves: 3404 Dungeon seed: v1zQq_Oc7T7ogKvR Game ID: Hito_1522879337 Your Inventory: Coins $ - 140 gold pieces Amulets z - an uncursed amulet of ESP Weapons a - a +0 katana (weapon in hand) b - a +0 wakizashi c - a +0 yumi (alternate weapon; not wielded) d - 39 +0 ya (in quiver) i - a cursed -1 sling r - a +0 orcish dagger C - a cursed +0 orcish dagger D - a blessed +1 orcish dagger F - a +0 aklys U - a +0 long sword X - a +0 morning star Armor e - an uncursed rustproof +0 splint mail (being worn) y - an uncursed +0 orcish helm Y - an uncursed +0 mummy wrapping Comestibles G - 2 uncursed eggs I - an uncursed sprig of wolfsbane L - 2 uncursed cream pies Q - an uncursed apple V - an uncursed slime mold Scrolls f - 2 uncursed scrolls of teleportation h - an uncursed scroll of confuse monster v - an uncursed scroll of light O - an uncursed scroll of identify T - an uncursed scroll of create monster Potions j - a blessed potion of extra healing l - 3 uncursed potions of hallucination w - an uncursed potion of monster detection E - an uncursed potion of oil R - an uncursed potion of object detection Rings k - an uncursed ring of sustain ability m - a cursed ring of hunger x - an uncursed ring of shock resistance A - an uncursed ring of shock resistance N - a cursed ring of searching P - an uncursed ring of regeneration Wands u - a wand of light (0:12) H - a wand of lightning (0:5) M - a wand of nothing (0:7) S - a wand of speed monster (0:8) Tools o - an uncursed skeleton key B - an uncursed stethoscope K - an uncursed leash Gems n - an uncursed topaz stone q - an uncursed worthless piece of black glass W - 2 uncursed agate stones Spells and supernatural/magical abilities: Name Level Category Fail Memory W - pray for help -- divine ? -- Your skills at the end: Fighting Skills martial arts [Basic] Weapon Skills short sword [Basic] long sword [Basic] bow [Basic] Spellcasting Skills Final Attributes: You were piously aligned. You were fast. You are dead. Vanquished creatures: a black light 3 brown puddings a jaguar a gnome mummy a yellow light a shrieker a gnome lord a kobold mummy a baby crocodile a little dog a floating eye 2 homunculi 2 kobold lords 5 hill orcs a rothe a wererat 2 iguanas an acid blob 8 coyotes a large kobold a hobgoblin 4 giant rats a yellow mold a red mold a gnome 7 garter snakes 3 geckos 6 jackals a kobold 3 goblins 4 sewer rats 7 grid bugs 7 lichens 6 newts 88 creatures vanquished. Voluntary challenges: You used a wielded weapon 95 times, starting on turn 40. You read items or engraved 4 times, starting on turn 2074. You never genocided any monsters. You never polymorphed an object. You never changed form. You used no wishes. You split 2 puddings, starting on turn 2042. You wrote Elbereth's name 2 times, starting on turn 2303. You never violated your personal moral code. Dungeon overview: The Dungeons of Doom: levels 1 to 10 Level 1 a fountain a long staircase Level 2 a long staircase Level 3 a sink Level 4 Level 5 a fountain Level 6 an armor shop, a fountain Level 7 a sink Level 8 some fountains Level 9 many fountains Level 10 <- You were here a long staircase History has recorded: On T:1 you entered the Dungeons of Doom to retrieve the Amulet of Yendor! On T:325 you reached level 2 of The Dungeons of Doom. On T:414 you advanced to experience level 2. On T:516 you reached level 3 of The Dungeons of Doom. On T:587 you advanced to experience level 3. On T:796 you reached level 4 of The Dungeons of Doom. On T:1115 you advanced to experience level 4. On T:1554 you reached level 5 of The Dungeons of Doom. On T:1737 you advanced to experience level 5. On T:1742 you reached level 6 of The Dungeons of Doom. On T:1976 you reached level 7 of The Dungeons of Doom. On T:2045 you advanced to experience level 6. On T:2358 you reached level 8 of The Dungeons of Doom. On T:2767 you reached level 9 of The Dungeons of Doom. On T:3175 you reached level 10 of The Dungeons of Doom. Score breakdown: Gold: 140 ( 7310 points) Experience: 6 levels (12456 points) Exploration: 10 levels ( 20.41%) (12990 points) Discoveries: 0 items ( 0.00%) ( 0 points) Valuables value: (no points given unless you survive) Artifact value: 0 ( 0 points) Variety of kills: 34 monsters ( 8.92%) ( 8961 points) Turncount: 3404 turns ( -786 points) Survival: died (score multiplied by 80%) Total score: 32744 Latest messages: You hear a gurgling noise. You finish searching. (2x) Where do you want to travel to? You hear a slow drip. You hear a door open. You hear a slow drip. The door opens. You feel wise! You must have been very observant. You have a little trouble lifting $ - 19 gold pieces. Someone shouts "Off with his head!" The leocrotta hits! The leocrotta bites! The leocrotta hits! You miss the leocrotta. The leocrotta hits! The leocrotta bites! The leocrotta hits! (2x) The leocrotta misses. The leocrotta hits! (2x) You die... Final status: Sayonara Hito the Samurai, killed by a leocrotta... You died in The Dungeons of Doom on dungeon level 10 with 32744 points, and 140 pieces of gold, after 3404 moves. You were level 6 with a maximum of 59 hit points when you died.